Map: Beckett Industries LE

Players

Flamingo

  • Race: Terran Terran
  • League: Master

zuka - Winner!

  • Race: Protoss Protoss
  • League: Master

VOD

Have the link to the VOD?

Description

Time

  • Played on: May 4, 2021, 4:05 p.m.
  • Length: 9:00
Show
View Real Time Build Order
Export as new Build Order

Flamingo Terran 

Build Orders:  

Get SALT Encoding   

  12  0:00  SCV  
  13  0:12  SCV  
  14  0:17  Supply Depot  
  14  0:24  SCV  
  15  0:38  SCV  
  15  0:40  Barracks  
  16  0:44  Refinery  
  16  0:50  SCV  
  17  1:02  SCV  
  18  1:15  SCV  
  19  1:27  Orbital Command  
  19  1:28  Barracks Reactor  
  19  1:49  Supply Depot, Refinery  
  19  1:53  SCV  
  20  1:57  Engineering Bay  
  20  2:05  SCV, Marine x2  
  20  2:06  Factory  
  23  2:17  SCV  
  23  2:20  Supply Depot  
  24  2:23  Marine x2  
  25  2:30  SCV  
  26  2:41  Marine x2  
  26  2:42  Bunker  
  28  2:44  SCV  
  28  2:49  Factory Tech Lab  
  29  3:01  Marine x2, Supply Depot  
  31  3:08  Cyclone, Mag-Field Accelerator  
  34  3:19  Starport  
  34  3:30  Supply Depot  
  34  3:40  Cyclone  
  36  3:47  SCV  
  36  3:55  Marine  
  36  3:56  Viking  
  36  3:59  SCV  
  37  4:13  Cyclone  
  37  4:14  Marine  
  41  4:23  Supply Depot  
  41  4:30  Viking  
  43  4:45  Supply Depot  
  43  4:46  Cyclone  
  43  4:47  Barracks Reactor  
  46  5:00  Viking  
  48  5:13  Command Center  
  48  5:21  Cyclone  
  44  5:37  Viking  
  44  5:42  Marine x2  
  46  5:53  Cyclone  
  48  6:17  Supply Depot  
  48  6:25  Orbital Command, Cyclone  
  51  6:29  Viking  
  50  6:42  Orbital Command  
  50  6:44  Viking  
  50  7:10  SCV  
  51  7:22  SCV  
  47  7:24  Viking  
  47  7:25  Viking  
  51  7:33  Marine  
  52  7:44  Cyclone  
  52  7:50  Marine  
  47  8:03  Viking  
  48  8:10  SCV  
  37  8:22  SCV  
  25  8:36  SCV  
  16  8:48  SCV  
Show
View Real Time Build Order
Export as new Build Order

zuka Protoss - Winner!

Build Orders: Proxy Void Ray 

Get SALT Encoding   

  12  0:08  Pylon  
  12  0:13  Probe  
  13  0:26  Gateway  
  13  0:30  Probe (Chrono Boost)  
  14  0:41  Assimilator  
  14  0:42  Probe (Chrono Boost)  
  15  0:46  Probe (Chrono Boost)  
  16  0:51  Assimilator  
  17  0:57  Probe  
  17  1:09  Probe  
  18  1:14  Cybernetics Core  
  18  1:21  Pylon  
  18  1:26  Probe  
  19  1:38  Probe  
  20  1:50  Probe  
  20  1:51  Stargate  
  21  1:54  Adept (Chrono Boost)  
  23  2:02  Probe  
  25  2:17  Adept  
  26  2:23  Pylon  
  26  2:26  Void Ray (Chrono Boost)  
  30  2:42  Shield Battery  
  30  2:45  Shield Battery  
  30  2:57  Void Ray  
  34  3:09  Shield Battery  
  34  3:28  Fleet Beacon  
  34  3:57  Shield Battery  
  34  4:09  Probe  
  35  4:12  Pylon  
  35  4:21  Probe  
  36  4:24  Shield Battery  
  36  4:29  Tempest (Chrono Boost)  
  36  4:30  Shield Battery  
  41  4:39  Shield Battery  
  41  4:48  Warp Gate  
  41  4:49  Gateway  
  41  5:02  Tempest (Chrono Boost)  
  46  5:21  Pylon  
  46  5:24  Shield Battery  
  42  5:38  Tempest (Chrono Boost)  
  47  5:45  Gateway  
  43  6:12  Gateway  
  43  6:16  Tempest (Chrono Boost)  
  48  6:38  Stalker x2  
  52  6:43  Pylon  
  52  6:57  Pylon  
  52  7:01  Tempest (Chrono Boost)  
  57  7:25  Stalker x4  
  61  7:57  Stalker x3  
  61  7:58  Stalker  
  47  8:22  Stalker x3  
  45  8:44  Stalker  
Tags
 
Add a new tag
Caveats
  • Supply blocks, unpowered buildings, or Contaminate may cause inaccurate times.
  • Supply counts are checked every 10 seconds.